[ PARTIDA AOE2 · #513942078 ]
UnrankedTurcos vs Mongols
Equipo del jugador · DERR
Equipo rival · VICT
[ ANÁLISIS DE REPETICIÓN · EXTRAÍDO DE LA PARTIDA GRABADA ]
Feudal
13:52
Castillos
—
Imperial
—
| APM promedio | 54.9 |
| APM pico | 84 |
| eAPM promedio | 24.5 |
| Aldeanos / militares | 55 / 9 |
Foco
⚔️ 25.8% · 🌾 74.2%
Militia ×4 · Archer ×3 · Skirmisher ×2
Feudal
8:40
Castillos
20:49
Imperial
—
| APM promedio | 55.9 |
| APM pico | 120 |
| eAPM promedio | 20.2 |
| Aldeanos / militares | 50 / 25 |
Foco
⚔️ 29.8% · 🌾 70.2%
Archer ×20 · Cavalry Archer ×5
Mapa de la partida
Recursos iniciales + cada clic de construcción. Líneas = muros · curvas = relieve. ◆ oro · ⬟ piedra · ● bayas · ✦ reliquia · ◌ hueco del cierre
Tu base· Abierta — flanco sin cerrar
Base de FC | SomeHumblePie· Abierta — hueco de 5t
Terreno inicial suavizado · ◌ = hueco del cierre detectado · pasá el cursor para detalles
Inputs por minuto
— 芝麻開門 - - FC | SomeHumblePie
Build order — 芝麻開門
138 acciones detectadas en el replay
| 0:00 | Encolar | Villager (Male) |
| 0:01 | Encolar | Villager (Male) |
| 0:01 | Encolar | Villager (Male) |
| 0:01 | Encolar | Villager (Male) |
| 0:02 | Construir | House |
| 0:04 | Construir | House |
| 1:29 | Encolar | Villager (Male) |
| 1:29 | Encolar | Villager (Male) |
| 1:50 | Encolar | Villager (Male) |
| 1:50 | Encolar | Villager (Male) |
| 2:14 | Construir | House |
| 2:21 | Encolar | Villager (Male) |
| 2:22 | Encolar | Villager (Male) |
| 2:36 | Construir | Lumber Camp |
| 2:49 | Encolar | Villager (Male) |
| 3:12 | Encolar | Villager (Male) |
| 3:38 | Encolar | Villager (Male) |
| 3:58 | Encolar | Villager (Male) |
| 4:33 | Investigar | Loom |
| 4:37 | Encolar | Villager (Male) |
| 5:00 | Encolar | Villager (Male) |
| 5:00 | Encolar | Villager (Male) |
| 5:08 | Construir | House |
| 5:49 | Construir | House |
| 5:57 | Encolar | Villager (Male) |
| 5:57 | Encolar | Villager (Male) |
| 6:20 | Encolar | Villager (Male) |
| 6:28 | Construir | Barracks |
| 6:31 | Encolar | Villager (Male) |
| 6:54 | Encolar | Villager (Male) |
| 7:08 | Encolar | Militia |
| 7:08 | Encolar | Militia |
| 7:17 | Encolar | Villager (Male) |
| 7:18 | Encolar | Villager (Male) |
| 7:45 | Encolar | Militia |
| 7:52 | Construir | Mill |
| 8:15 | Encolar | Villager (Male) |
| 8:45 | Encolar | Villager (Male) |
| 8:45 | Encolar | Villager (Male) |
| 8:48 | Construir | House |
| 8:54 | Encolar | Villager (Male) |
| 9:19 | Construir | House |
| 9:31 | Encolar | Militia |
| 9:41 | Encolar | Villager (Male) |
| 10:06 | Construir | Mining Camp |
| 10:26 | Construir | Palisade Wall |
| 10:27 | Construir | Palisade Wall |
| 10:30 | Construir | Palisade Wall |
| 10:33 | Construir | Palisade Wall |
| 10:34 | Construir | Palisade Wall |
| 10:34 | Construir | Palisade Wall |
| 10:35 | Construir | Palisade Wall |
| 10:36 | Construir | Palisade Wall |
| 10:38 | Construir | Palisade Wall |
| 10:46 | Construir | Palisade Wall |
| 10:49 | Encolar | Villager (Male) |
| 11:06 | Construir | Palisade Wall |
| 11:08 | Construir | Palisade Wall |
| 11:09 | Construir | Palisade Wall |
| 11:42 | Investigar | Feudal Age |
| 11:42 | Investigar | Feudal Age |
| 12:58 | Construir | Palisade Wall |
| 13:47 | Encolar | Villager (Male) |
| 13:52 | Edad | Edad Feudal |
| 13:55 | Construir | Archery Range |
| 14:15 | Construir | Watch Tower |
| 14:22 | Construir | Mining Camp |
| 14:34 | Encolar | Villager (Male) |
| 14:36 | Construir | Farm |
| 15:02 | Encolar | Archer |
| 15:10 | Encolar | Archer |
| 15:24 | Construir | Farm |
| 15:32 | Encolar | Villager (Male) |
| 15:39 | Construir | Farm |
| 15:40 | Construir | Farm |
| 15:50 | Encolar | Archer |
| 16:02 | Construir | Farm |
| 16:37 | Construir | Farm |
| 16:38 | Construir | Farm |
| 16:42 | Encolar | Villager (Male) |
| 16:42 | Encolar | Villager (Male) |
| 16:50 | Construir | House |
| 17:15 | Construir | Farm |
| 17:33 | Encolar | Villager (Male) |
| 17:33 | Encolar | Villager (Male) |
| 17:45 | Construir | Blacksmith |
| 17:48 | Encolar | Villager (Male) |
| 18:01 | Construir | Watch Tower |
| 18:27 | Encolar | Villager (Male) |
| 18:28 | Encolar | Villager (Male) |
| 18:31 | Construir | House |
| 18:55 | Encolar | Villager (Male) |
| 18:57 | Construir | Farm |
| 19:11 | Construir | Watch Tower |
| 19:19 | Construir | Farm |
| 19:20 | Construir | Farm |
| 19:21 | Construir | Farm |
| 19:25 | Construir | Farm |
| 19:29 | Encolar | Villager (Male) |
| 19:29 | Encolar | Villager (Male) |
| 19:43 | Encolar | Villager (Male) |
| 19:44 | Encolar | Villager (Male) |
| 20:04 | Construir | Farm |
| 20:14 | Construir | Farm |
| 20:15 | Encolar | Villager (Male) |
| 20:22 | Construir | Watch Tower |
| 20:28 | Construir | Watch Tower |
| 20:29 | Encolar | Villager (Male) |
| 20:30 | Construir | Farm |
| 20:40 | Investigar | Double-Bit Axe |
| 20:41 | Investigar | Double-Bit Axe |
| 20:42 | Encolar | Villager (Male) |
| 20:43 | Encolar | Villager (Male) |
| 20:53 | Construir | Market |
| 20:58 | Construir | House |
| 21:05 | Construir | Market |
| 21:08 | Encolar | Villager (Male) |
| 21:15 | Encolar | Skirmisher |
| 21:18 | Construir | Farm |
| 21:22 | Construir | Palisade Wall |
| 21:24 | Construir | House |
| 21:35 | Construir | Palisade Wall |
| 21:35 | Construir | Palisade Wall |
| 21:36 | Construir | Palisade Wall |
| 21:36 | Construir | Palisade Wall |
| 21:37 | Construir | Palisade Wall |
| 21:37 | Construir | Palisade Wall |
| 21:38 | Construir | Palisade Wall |
| 21:38 | Construir | Palisade Wall |
| 21:42 | Encolar | Villager (Male) |
| 21:44 | Construir | Farm |
| 22:15 | Encolar | Villager (Male) |
| 22:18 | Encolar | Skirmisher |
| 22:20 | Construir | Farm |
| 22:22 | Encolar | Villager (Male) |
| 22:43 | Encolar | Villager (Male) |
| 23:11 | Construir | Watch Tower |
| 23:32 | Encolar | Villager (Male) |
Build order — FC | SomeHumblePie
132 acciones detectadas en el replay
| 0:00 | Encolar | Villager (Male) |
| 0:00 | Encolar | Villager (Male) |
| 0:01 | Encolar | Villager (Male) |
| 0:01 | Encolar | Villager (Male) |
| 0:02 | Construir | House |
| 0:03 | Construir | House |
| 1:21 | Encolar | Villager (Male) |
| 2:11 | Encolar | Villager (Male) |
| 2:12 | Encolar | Villager (Male) |
| 2:12 | Encolar | Villager (Male) |
| 2:41 | Construir | House |
| 2:46 | Encolar | Villager (Male) |
| 2:46 | Encolar | Villager (Male) |
| 3:02 | Construir | House |
| 3:19 | Encolar | Villager (Male) |
| 3:20 | Encolar | Villager (Male) |
| 3:53 | Encolar | Villager (Male) |
| 4:10 | Encolar | Villager (Male) |
| 4:13 | Encolar | Villager (Male) |
| 4:21 | Construir | Lumber Camp |
| 4:27 | Construir | Lumber Camp |
| 4:33 | Encolar | Villager (Male) |
| 4:33 | Encolar | Villager (Male) |
| 4:44 | Encolar | Villager (Male) |
| 4:44 | Encolar | Villager (Male) |
| 5:03 | Encolar | Villager (Male) |
| 5:49 | Construir | Mining Camp |
| 6:30 | Investigar | Feudal Age |
| 6:35 | Construir | Palisade Wall |
| 6:38 | Construir | Palisade Wall |
| 7:04 | Construir | Palisade Wall |
| 7:05 | Construir | Palisade Wall |
| 7:06 | Construir | Palisade Wall |
| 7:12 | Construir | House |
| 7:54 | Construir | Barracks |
| 8:00 | Encolar | Villager (Male) |
| 8:00 | Encolar | Villager (Male) |
| 8:02 | Investigar | Loom |
| 8:24 | Construir | Palisade Wall |
| 8:26 | Construir | Palisade Wall |
| 8:27 | Construir | Palisade Wall |
| 8:40 | Edad | Edad Feudal |
| 8:47 | Construir | Archery Range |
| 8:54 | Encolar | Villager (Male) |
| 8:56 | Encolar | Villager (Male) |
| 8:58 | Construir | House |
| 8:59 | Encolar | Villager (Male) |
| 8:59 | Encolar | Villager (Male) |
| 9:10 | Encolar | Villager (Male) |
| 9:10 | Encolar | Villager (Male) |
| 9:14 | Encolar | Archer |
| 9:14 | Encolar | Archer |
| 9:14 | Encolar | Archer |
| 9:15 | Encolar | Archer |
| 9:34 | Investigar | Double-Bit Axe |
| 9:35 | Encolar | Villager (Male) |
| 9:50 | Encolar | Archer |
| 10:08 | Construir | Blacksmith |
| 10:10 | Construir | Palisade Wall |
| 10:24 | Encolar | Archer |
| 10:34 | Encolar | Archer |
| 10:44 | Investigar | Fletching |
| 10:55 | Construir | House |
| 12:01 | Encolar | Villager (Male) |
| 12:02 | Encolar | Archer |
| 12:02 | Encolar | Archer |
| 12:02 | Encolar | Archer |
| 12:22 | Encolar | Villager (Male) |
| 12:22 | Encolar | Villager (Male) |
| 12:22 | Encolar | Villager (Male) |
| 12:43 | Encolar | Archer |
| 12:43 | Encolar | Villager (Male) |
| 13:08 | Encolar | Villager (Male) |
| 13:08 | Encolar | Villager (Male) |
| 13:51 | Construir | Mill |
| 13:55 | Construir | House |
| 13:56 | Construir | House |
| 14:20 | Encolar | Villager (Male) |
| 14:20 | Encolar | Villager (Male) |
| 14:21 | Construir | Farm |
| 14:23 | Construir | Farm |
| 14:23 | Construir | Farm |
| 14:23 | Construir | Farm |
| 14:24 | Construir | Farm |
| 14:24 | Construir | Farm |
| 14:25 | Construir | Farm |
| 14:25 | Construir | Farm |
| 15:06 | Construir | Farm |
| 15:06 | Construir | Farm |
| 15:07 | Construir | Farm |
| 15:27 | Encolar | Archer |
| 15:27 | Encolar | Archer |
| 15:27 | Encolar | Archer |
| 15:28 | Encolar | Archer |
| 15:28 | Encolar | Archer |
| 15:31 | Construir | Farm |
| 15:31 | Encolar | Villager (Male) |
| 15:33 | Construir | House |
| 15:51 | Encolar | Villager (Male) |
| 15:59 | Construir | Market |
| 16:15 | Encolar | Archer |
| 16:27 | Construir | House |
| 16:39 | Construir | Mining Camp |
| 16:59 | Encolar | Villager (Male) |
| 16:59 | Encolar | Villager (Male) |
| 16:59 | Encolar | Villager (Male) |
| 17:04 | Construir | Lumber Camp |
| 17:07 | Construir | House |
| 17:08 | Construir | House |
| 18:09 | Investigar | Castle Age |
| 18:55 | Encolar | Archer |
| 18:56 | Encolar | Archer |
| 18:59 | Investigar | Horse Collar |
| 19:02 | Construir | House |
| 19:03 | Construir | House |
| 19:12 | Investigar | Gold Mining |
| 19:52 | Encolar | Archer |
| 20:49 | Edad | Edad de los Castillos |
| 20:50 | Investigar | Crossbowman (upgrade) |
| 20:53 | Investigar | Bodkin Arrow |
| 20:53 | Encolar | Villager (Male) |
| 20:53 | Encolar | Villager (Male) |
| 21:21 | Construir | Siege Workshop |
| 21:48 | Construir | Farm |
| 21:49 | Construir | Farm |
| 21:50 | Encolar | Villager (Male) |
| 22:26 | Encolar | Cavalry Archer ×5 |
| 22:27 | Encolar | Villager (Male) |
| 22:27 | Encolar | Villager (Male) |
| 22:27 | Encolar | Villager (Male) |
| 22:28 | Encolar | Villager (Male) |
| 22:44 | Construir | Town Center |
Cronología de la partida
| 6:28 | 芝麻開門 · first_building Barracks |
| 6:35 | FC | SomeHumblePie · wall_segment Palisade Wall x1 |
| 6:38 | FC | SomeHumblePie · wall_segment Palisade Wall x1 |
| 7:04 | FC | SomeHumblePie · wall_segment Palisade Wall x1 |
| 7:05 | FC | SomeHumblePie · wall_segment Palisade Wall x1 |
| 7:06 | FC | SomeHumblePie · wall_segment Palisade Wall x1 |
| 7:54 | FC | SomeHumblePie · first_building Barracks |
| 8:24 | FC | SomeHumblePie · wall_segment Palisade Wall x1 |
| 8:26 | FC | SomeHumblePie · wall_segment Palisade Wall x1 |
| 8:27 | FC | SomeHumblePie · wall_segment Palisade Wall x1 |
| 8:40 | FC | SomeHumblePie · age_up feudal |
| 8:47 | FC | SomeHumblePie · first_building Archery Range |
| 10:10 | FC | SomeHumblePie · wall_segment Palisade Wall x1 |
| 10:26 | 芝麻開門 · wall_segment Palisade Wall x2 |
| 10:27 | 芝麻開門 · wall_segment Palisade Wall x3 |
| 10:30 | 芝麻開門 · wall_segment Palisade Wall x1 |
| 10:33 | 芝麻開門 · wall_segment Palisade Wall x2 |
| 10:34 | 芝麻開門 · wall_segment Palisade Wall x1 |
| 10:34 | 芝麻開門 · wall_segment Palisade Wall x1 |
| 10:35 | 芝麻開門 · wall_segment Palisade Wall x1 |
| 10:36 | 芝麻開門 · wall_segment Palisade Wall x2 |
| 10:38 | 芝麻開門 · wall_segment Palisade Wall x3 |
| 10:46 | 芝麻開門 · wall_segment Palisade Wall x2 |
| 11:06 | 芝麻開門 · wall_segment Palisade Wall x1 |
| 11:08 | 芝麻開門 · wall_segment Palisade Wall x1 |
| 11:09 | 芝麻開門 · wall_segment Palisade Wall x1 |
| 12:58 | 芝麻開門 · wall_segment Palisade Wall x1 |
| 13:52 | 芝麻開門 · age_up feudal |
| 13:55 | 芝麻開門 · first_building Archery Range |
| 16:41 | FC | SomeHumblePie · first_market_sell 500 stone |
| 16:42 | FC | SomeHumblePie · first_market_buy 100 food |
| 20:49 | FC | SomeHumblePie · age_up castle |
| 21:21 | FC | SomeHumblePie · first_building Siege Workshop |
| 21:22 | 芝麻開門 · wall_segment Palisade Wall x1 |
| 21:35 | 芝麻開門 · wall_segment Palisade Wall x1 |
| 21:35 | 芝麻開門 · wall_segment Palisade Wall x1 |
| 21:36 | 芝麻開門 · wall_segment Palisade Wall x1 |
| 21:36 | 芝麻開門 · wall_segment Palisade Wall x1 |
| 21:37 | 芝麻開門 · wall_segment Palisade Wall x1 |
| 21:37 | 芝麻開門 · wall_segment Palisade Wall x1 |
| 21:38 | 芝麻開門 · wall_segment Palisade Wall x1 |
| 21:38 | 芝麻開門 · wall_segment Palisade Wall x1 |
| 22:51 | 芝麻開門 · first_market_sell 100 food |
| 22:52 | 芝麻開門 · first_market_buy 100 stone |
| 23:39 | 芝麻開門 · resign |
[ ANÁLISIS IA · 1 CRÉDITO ]
¿Qué pasó realmente en esta partida?
Wolo.gg analiza cada decisión: build order, eco, micro, errores típicos por bracket. Análisis personalizado por WhatsApp o Discord en 30 segundos.
Guía civ
Turcos
Perfil
Jugador #1310514